 Dungeon Crawl Stone Soup version 0.29.0-11-gd7f09526c8 (webtiles) character file.

Game seed: 16254856178993318910

4 Strat the Chopper (level 1, -1/19 HPs)
             Began as a Meteoran Berserker on Sept 4, 2022.
             Was a Follower of Trog.
             Slain by a kobold
             ... wielding a +0 short sword
              (2 damage)
             ... on level 1 of the Dungeon.
             The game lasted 00:00:28 (52 turns).

Strat the Chopper (Meteoran Berserker)                Turns: 52, Time: 00:00:29

Health: -1/19      AC:  2    Str: 18    XL:     1   Next: 85%
Magic:  2/2        EV: 12    Int:  8    God:    Trog [*.....]
Gold:   0          SH:  0    Dex: 13    Spells: 0/0 levels left

rFire   . . .      SeeInvis .   a - +0 hand axe
rCold   . . .      Faith    .   (no shield)
rNeg    . . .      Spirit   .   b - +0 animal skin
rPois   .          Reflect  .   (no helmet)
rElec   .          Harm     .   (no cloak)
rCorr   .          Rampage  .   (no gloves)
Will    .....                   (no boots)
Stlth   +.........              (no amulet)
HPRegen 0.06/turn               (no ring)
MPRegen 0.08/turn               (no ring)

@: glowing
A: sense surroundings 1, otherworldly, glowing, explore regen
a: Renounce Religion, Berserk


You were on level 1 of the Dungeon.
You worshipped Trog.
Trog was aware of your devotion.
You visited 1 branch of the dungeon, and saw 1 of its levels.

Inventory:

Hand Weapons
 a - a +0 hand axe (weapon)
Armour
 b - a +0 animal skin (worn)


   Skills:
 + Level 3.3 Fighting
 * Level 3.8 Axes
 + Level 2.5 Armour
 - Level 2.4 Dodging


You couldn't memorise any spells.
You didn't know any spells.
Your spell library was empty.

Dungeon Overview and Level Annotations

Branches:
Dungeon (1/15) Zot: 545

Altars:


Innate Abilities, Weirdness & Mutations

You passively map a small area around you.
You are easily found by Zot.
You glow in the dark.
You regain HP and MP as you explore.


Message History

You kill the kobold!
Trog accepts your kill.
You barely miss the kobold. The kobold hits you but does no damage.
The kobold barely misses you. The quokka closely misses you.
The kobold hits you with a +0 short sword.
You see here a +0 whip.
You hit the quokka.
The quokka is severely wounded.
You hit the kobold. The quokka bites you.
* * * LOW HITPOINT WARNING * * *
The quokka bites you.
* * * LOW HITPOINT WARNING * * *
The kobold barely misses you.
You hit the quokka.
You kill the quokka!
Trog accepts your kill.
You hit the kobold but do no damage.
The kobold hits you with a +0 short sword.
* * * LOW HITPOINT WARNING * * *
The kobold misses you. The kobold attacks as you move away!
The kobold hits you with a +0 short sword.
* * * LOW HITPOINT WARNING * * *
The kobold throws a stone.
The stone hits you.
* * * LOW HITPOINT WARNING * * *
The kobold hits you with a +0 short sword.
* * * LOW HITPOINT WARNING * * *
You hit the kobold but do no damage.
The kobold is heavily wounded.
The kobold hits you with a +0 short sword.
* * * LOW HITPOINT WARNING * * *
You completely miss the kobold.
The kobold is heavily wounded.
The kobold hits you with a +0 short sword.
* * * LOW HITPOINT WARNING * * *
You closely miss the kobold.
The kobold is heavily wounded.
The kobold hits you with a +0 short sword.
You die...

#...#....PP.# ,
#####.#..##..P##.#* ,,
#.†....####...####
.###..## #.###...# ,,
## ##..###. ###.# * #
##..#!., ##.## .#.##
*##...## , # #.###
#..)K.# ##
#.########..@..###
.###.#...............#
#...##.......##....#.#
##.###...........#.#.#*
, , #..#
#................, ,
#..# #.............#.##
#..###.....♣.........#
#.........8........# #
* #.###..<..........##
*


You could see a kobold.

Vanquished Creatures
  A hobgoblin (D:1)
  A quokka (D:1)
  2 kobolds (D:1)
4 creatures vanquished.

Vanquished Creatures (others)
  A withered plant (D:1)
1 creature vanquished.

Grand Total: 5 creatures vanquished

Notes
Turn   | Place    | Note
-------+----------+-------------------------------------------
     0 | D:1      | Strat the Meteoran Berserker began the quest for the Orb.
     0 | D:1      | Reached XP level 1. HP: 19/19 MP: 2/2
    30 | D:1      | Found a faded altar of an unknown god.
    52 | D:1      | Slain by a kobold

Illustrated notes

Levels and vault maps discovered:
D:1:      wander_arrival_lonely_grave, layout_loops_cross,
          shapermc_ecumenical_altar_gd

Action                   || total
-------------------------++-------
Melee: Hand axe          ||    14
Armor: Animal skin       ||     2
Dodge: Dodged            ||     9
